 Dungeon Crawl Stone Soup version 0.28.0-49-g6dfe1f597d (webtiles) character file.

Game seed: 16456259940048192945

33 Zeld the Skirmisher (level 3, -3/29 HPs)
             Began as a Demonspawn Monk on May 19, 2022.
             Slain by a hound (4 damage)
             ... on level 2 of the Dungeon.
             The game lasted 00:01:14 (1310 turns).

Zeld the Skirmisher (Demonspawn Monk)               Turns: 1310, Time: 00:01:15

Health: -3/29      AC:  2    Str: 13    XL:     3   Next: 12%
Magic:  3/3        EV: 12    Int: 11    God:
Gold:   24         SH:  0    Dex: 15    Spells: 2/2 levels left

rFire   + . .      SeeInvis .   a - +0 hand axe
rCold   + . .      Faith    .   (no shield)
rNeg    . . .      Spirit   .   b - +0 robe
rPois   .          Reflect  .   (helmet restricted)
rElec   .          Harm     .   e - scarf {rC+ rF+}
rCorr   .          Rampage  .   (no gloves)
Will    .....                   (no boots)
Stlth   ++........              (no amulet)
HPRegen 0.09/turn               (no ring)
MPRegen 0.08/turn               (no ring)

@: no status effects
A: antennae 1
a: no special abilities


You were on level 2 of the Dungeon.
You visited 1 branch of the dungeon, and saw 2 of its levels.

You collected 24 gold pieces.

Inventory:

Hand Weapons
 a - a +0 hand axe (weapon)
Armour
 b - a +0 robe (worn)
 e - a scarf of resistance (worn)
Scrolls
 c - a scroll of fear {unknown}
 d - a scroll of identify {unknown}
Potions
 f - a potion of lignification {unknown}


   Skills:
 * Level 3.5 Fighting
 * Level 3.2 Axes
 + Level 0.9 Armour
 - Level 2.6 Dodging
 - Level 1.7 Stealth


You had 2 spell levels left.
You didn't know any spells.
Your spell library was empty.

Dungeon Overview and Level Annotations

Branches:
Dungeon (2/15)

Altars:


Innate Abilities, Weirdness & Mutations

You have a pair of small antennae on your head.


Message History

You hit the giant cockroach.
The giant cockroach is heavily wounded.
The giant cockroach bites you but does no damage.
You hit the giant cockroach.
You kill the giant cockroach!
Key pressed, stopping explore.
No target in view!
No target in view!
Found a leather armour.
No target in view!
Key pressed, stopping explore.
No target in view!
No target in view!
No target in view!
A worm comes into view.
A worm is nearby!
A hound comes into view.
The hound barks!
The worm bites you!
You hit the worm.
The worm is moderately wounded.
The worm bites you!
You are too injured to fight recklessly!
You are too injured to fight recklessly!
You are too injured to fight recklessly!
You barely miss the hound. You barely miss the worm. The hound bites you. x2
* * * LOW HITPOINT WARNING * * *
The hound bites you but does no damage. The hound barely misses you.
The hound misses you.
You barely miss the hound. Your punch misses the hound.
The hound closely misses you. The hound barely misses you.
You hit the hound but do no damage. The hound bites you but does no damage.
The hound bites you.
* * * LOW HITPOINT WARNING * * *
You closely miss the hound. The hound barely misses you. The hound misses you.
A rat comes into view.
You barely miss the hound. The hound bites you.
* * * LOW HITPOINT WARNING * * *
You hit the hound but do no damage. The hound bites you.
You die...

##### ######### ####...####
#
........#####...[.....######
#.r...wh@................
#...##.#####.........######
## #.# #.........# ##. #.#
#......##.# ##.. ..#
#.........# #... ###
####.###### ##.. #.# ##. #.#
#### #+# #...


You could see a worm, a hound and a rat.

Vanquished Creatures
  An adder (D:2)
  A dart slug (D:1)
  A bat (D:1)
  An endoplasm (D:2)
  3 giant cockroaches
  3 hobgoblins (D:1)
  4 kobolds (D:1)
  A quokka (D:1)
  3 ball pythons
  2 rats (D:1)
20 creatures vanquished.

Vanquished Creatures (others)
  3 plants (D:1)
3 creatures vanquished.

Grand Total: 23 creatures vanquished

Notes
Turn   | Place    | Note
-------+----------+-------------------------------------------
     0 | D:1      | Zeld the Demonspawn Monk began the quest for the Orb.
     0 | D:1      | Reached XP level 1. HP: 18/18 MP: 1/1
    93 | D:1      | Gained mutation: You have a pair of small antennae on your
                  | head. [demonic ancestry]
    93 | D:1      | Reached XP level 2. HP: 24/24 MP: 2/2
   108 | D:1      | Found a faded altar of an unknown god.
   941 | D:2      | Reached XP level 3. HP: 2/29 MP: 3/3
  1309 | D:2      | HP: 1/29 [hound (4)]
  1310 | D:2      | Slain by a hound

Illustrated notes

Levels and vault maps discovered:
D:1:      minmay_arrival_jagged, layout_rooms, serial_bayou,
          serial_bayou_pond_e, serial_bayou_pond_a, serial_bayou_ford_a,
          serial_bayou_pond_d, basic_ecumenical_altar, minmay_tromino_i2
D:2:      layout_loops_corners

Skill      XL: |  1  2 |
---------------+-------+-----
Axes           | 3 |  3.2
Fighting       | |  3.5
Armour         | |  0.9
Dodging        | |  2.6
Stealth        | |  1.7

Action                   || total
-------------------------++-------
Melee: Hand axe          ||    77
       Punch             ||     1
 Stab: Sleeping          ||     1
Armor: Robe              ||    18
Dodge: Dodged            ||    69
